 Dungeon Crawl Stone Soup version 0.22-a0-433-gd2a9cce0b5 (webtiles) character file.

173079 Kriby the Severer (level 17, -4/162 HPs)
             Began as a Deep Dwarf Necromancer on May 28, 2018.
             Was the Champion of Makhleb.
             Shot with a bolt by a naga sharpshooter (20 damage)
             ... on level 4 of the Snake Pit.
             The game lasted 01:31:04 (34493 turns).

Kriby the Severer (Deep Dwarf Necromancer)         Turns: 34493, Time: 01:31:05

Health: -4/162     AC: 22    Str: 28    XL:     17   Next: 42%
Magic:  31/41      EV: 17    Int: 19    God:    Makhleb [******]
Gold:   1574       SH: 14    Dex: 10    Spells: 18/27 levels left

rFire    . . .     SeeInvis .   a - +0 war axe (freeze)
rCold    + + .     Gourm    .   B - +2 shield {reflect}
rNeg     + + +     Faith    .   v - +2 swamp dragon scales
rPois    +         Spirit   .   q - +1 helmet {Int+3}
rElec    .         Reflect  +   x - scarf {repulsion}
rCorr    .         Harm     .   R - +3 pair of gauntlets of War {Slay+5}
MR       ++...                  L - +0 pair of boots
Stlth    ++........             O - amulet of the Scarab {RegenMP rPois rC++ rN+}
HPRegen  0.00/turn              j - ring of Cheibriados's Reproof {+Blink rN+ MP+9 Str+9 Dex-3}
MPRegen  0.52/turn              C - ring of magical power

@: non-regenerating, repel missiles
A: damage resistance, heal wounds, negative energy resistance 1, sense
surroundings 2, no regeneration
a: Heal Wounds, Minor Destruction, Lesser Servant of Makhleb, Major Destruction,
Greater Servant of Makhleb, Renounce Religion, Evoke Blink


You were on level 4 of the Snake Pit.
You worshipped Makhleb.
Makhleb was exalted by your worship.
You were very hungry.

You visited 5 branches of the dungeon, and saw 28 of its levels.
You also visited: Sewer.

You collected 3466 gold pieces.
You spent 1892 gold pieces at shops.

Inventory:

Hand Weapons
 a - a +0 war axe of freezing (weapon)
 b - a +3 dagger of venom
 f - a +1 demon blade of venom
 N - a +0 broad axe
Missiles
 z - 5 throwing nets (quivered)
Armour
 h - a +3 scale mail of fire resistance
 q - a +1 helmet of intelligence (worn)
 v - +2 swamp dragon scales (worn)
 w - a +3 plate armour of cold resistance
 x - a scarf of repulsion (worn)
 B - a +2 shield of reflection (worn)
 L - a +0 pair of boots (worn)
 M - the +1 chain mail of Omission {Int+8 Stlth+}
   (You found it on level 9 of the Dungeon)

   It affects your intelligence (+8).
   It makes you more stealthy.
 R - the +3 pair of gauntlets of War (worn) {Slay+5}
   (You found it on level 11 of the Dungeon)

   It affects your accuracy and damage with ranged weapons and melee attacks
   (+5).
 Y - a scarf of resistance
Jewellery
 i - an uncursed ring of see invisible
 j - the ring of Cheibriados's Reproof (left hand) {+Blink rN+ MP+9 Str+9 Dex-3}
   (You found it on level 4 of the Snake Pit)

   [ring of positive energy]

   It affects your strength (+9).
   It affects your dexterity (-3).
   It protects you from negative energy.
   It affects your magic capacity (+9).
   It lets you blink.
 s - a +1 ring of slaying
 C - a ring of magical power (right hand)
 O - the amulet of the Scarab (around neck) {RegenMP rPois rC++ rN+}
   (You found it on level 3 of the Lair of Beasts)

   [amulet of magic regeneration]

   It increases your magic regeneration.
   It greatly protects you from cold.
   It protects you from poison.
   It protects you from negative energy.
Wands
 u - a wand of paralysis (9)
 G - a wand of digging (12) {@v1}
 J - a wand of enslavement (32)
 W - a wand of iceblast (9) {@v4}
 Z - a wand of disintegration (10)
Scrolls
 d - 8 scrolls of identify {@r1}
 e - 15 scrolls of remove curse {@r2}
 g - 10 scrolls of teleportation {@r3}
 m - 4 scrolls of enchant weapon
 n - a scroll of blinking {@r4}
 t - 4 scrolls of magic mapping
 y - 5 scrolls of fear
 F - 3 scrolls of fog
 K - a scroll of holy word
 Q - a scroll of enchant armour
 V - 2 scrolls of immolation
Potions
 k - 11 potions of curing {@q1}
 l - 2 potions of might {@q4}
 r - 2 potions of cancellation
 D - 3 potions of agility {@q5}
 E - 9 potions of brilliance
 H - 2 potions of magic
 I - 3 potions of lignification
 P - a potion of mutation
 S - 3 potions of flight
Miscellaneous
 U - a lamp of fire (inert)
Comestibles
 c - 34 rations {@e1}


   Skills:
 + Level 12.9 Fighting
 + Level 17.1 Axes
 + Level 14.9 Armour
 + Level 15.3 Dodging
 - Level 6.3 Stealth
 + Level 8.3 Shields
 - Level 5.7 Spellcasting
 - Level 8.5 Necromancy
 - Level 5.0 Invocations


You had 18 spell levels left.
You knew the following spells:

 Your Spells              Type           Power        Failure   Level  Hunger
a - Pain                  Necr           ####         1%          1    None
d - Vampiric Draining     Necr           #####.....   3%          3    ##.....
n - Animate Dead          Necr           N/A          11%         4    ####...
v - Animate Skeleton      Necr           N/A          1%          1    None

Your spell library contained the following spells:

 Spells                   Type           Power        Failure   Level  Hunger
 Magic Dart               Conj           #...         34%         1    None
 Fireball                 Conj/Fire      #.........   100%        5    #####..
 Conjure Flame            Conj/Fire      #.......     71%         3    ##.....
 Slow                     Hex            #.......     47%         2    None
 Confuse                  Hex            #.......     71%         3    ##.....
 Throw Flame              Conj/Fire      #.....       47%         2    None
 Freezing Cloud           Conj/Ice/Air   #.........   100%        6    #######
 Mephitic Cloud           Conj/Pois/Air  #.......     71%         3    ##.....
 Ring of Flames           Chrm/Fire      #.........   100%        7    #######
 Venom Bolt               Conj/Pois      #.........   100%        5    #####..
 Olgreb's Toxic Radiance  Pois           #.......     98%         4    ####...
 Summon Small Mammal      Summ           #...         34%         1    None
 Blink                    Tloc           N/A          47%         2    None
 Sticky Flame             Conj/Fire      #.......     98%         4    ####...
 Summon Ice Beast         Ice/Summ       #.......     98%         4    ####...
 Call Imp                 Summ           #.......     47%         2    None
 Regeneration             Chrm/Necr      ###.......   19%         3    ##.....
 Sting                    Conj/Pois      #...         34%         1    None
 Tukima's Dance           Hex            #.......     71%         3    ##.....
 Spider Form              Tmut/Pois      #.........   71%         3    ##.....
 Blade Hands              Tmut           #.........   100%        5    #####..
 Ice Form                 Ice/Tmut       #.......     98%         4    ####...
 Flame Tongue             Conj/Fire      #....        34%         1    None
 Sticks to Snakes         Tmut           #.......     47%         2    None
 Call Canine Familiar     Summ           #.......     71%         3    ##.....
 Ensorcelled Hibernation  Hex/Ice        #.....       47%         2    None
 Corona                   Hex            #......      34%         1    None
 Inner Flame              Hex/Fire       #.......     71%         3    ##.....
 Beastly Appendage        Tmut           #.....       34%         1    None
 Dazzling Spray           Conj/Hex       #.....       71%         3    ##.....
 Summon Lightning Spire   Summ/Air       #.......     98%         4    ####...
 Summon Guardian Golem    Hex/Summ       #.......     71%         3    ##.....
 Poisonous Vapours        Pois/Air       #.....       47%         2    None


Dungeon Overview and Level Annotations

Branches:
Dungeon (15/15)            Temple (1/1) D:5            Lair (6/6) D:11
 Shoals (0/4) Lair:2        Snake (4/4) Lair:4        Slime (0/5) Lair:6
    Orc (2/2) D:9             Elf (0/3) Orc:2        Vaults (0/5) D:14
 Depths (0/5) D:15

Altars:
Ashenzari
Cheibriados
Dithmenos
Elyvilon
Fedhas
Gozag
Hepliaklqana
Kikubaaqudgha
Makhleb
Nemelex Xobeh
Okawaru
Qazlal
Ru
Sif Muna
Trog
Uskayaw
Vehumet
Wu Jian
Xom
Yredelemnul
Zin
The Shining One

Shops:
D:4 ?   D:8 *   D:12 :   Orc:1 %   Orc:2 [%*?

Annotations:
Lair:1 exclusion: oklob plant
Lair:6 exclusion: oklob plant
Snake:1 exclusion: downstairs


Innate Abilities, Weirdness & Mutations

You are resistant to damage.
You can heal yourself by infusing magical energy.
You resist negative energy. (rN+)
You passively map the area around you.
You do not regenerate.


Message History

The naga mage dies!
Makhleb accepts your kill.
The naga sharpshooter gestures wildly while chanting.
The naga sharpshooter magically shoots a bolt.
The bolt hits you!
* * * LOW HITPOINT WARNING * * *
Your naga mage zombie hits the naga mage with a spear!
Your naga mage zombie grabs the naga mage.
Your naga mage zombie constricts the naga mage.
Your naga warrior zombie hits the naga mage with a dire flail!
Your naga warrior zombie constricts the naga.
Items here: ( )) [ 2 bolts; a short sword; a short sword of speed; a robe The naga mage hits your naga warrior zombie!
The naga hits your naga warrior zombie with a trident!
Your naga warrior zombie is destroyed!
The naga sharpshooter gestures wildly while chanting.
The naga sharpshooter magically shoots a bolt.
The bolt hits you!!
You die...

, , , * ###..... , ..#
##### #####.......
...###...####...........
,,
........................
.........................
, ,
.........................
,
,.........................
..............(.)..).....
,
........@..)(............
, ,
,.......ZZ(..(............
,,,
......(ยง)(.(.............
,
......)Z)()..............
......ZZ))...............
, ,
...N...NN................
,...N..Z..........<.......
,, ,
.........................
,
.........................


You could see a naga warrior, a naga sharpshooter, a naga mage, a naga
(unaware), 2 friendly naga zombies, a friendly naga warrior zombie, a friendly
naga mage zombie, a friendly nagaraja zombie and a friendly naga ritualist
zombie.

Vanquished Creatures
  Mara (Snake:3)
  Vashnia (Snake:2)
  Donald (Orc:2)
  3 nagarajas
  Aizul (Snake:3)
  A dire elephant (D:15)
  2 fire dragons (Lair:6)
  An ettin (Orc:1)
  Josephine (Orc:2)
  Harold (Lair:3)
  A vault guard (D:14)
  Erolcha (D:9)
  15 naga warriors
  4 hydras
  8 anacondas
  Erica (D:12)
  5 two-headed ogres
  6 death yaks (Lair:6)
  A tengu warrior (D:14)
  9 naga sharpshooters
  3 orc high priests (Orc:2)
  6 shock serpents
  Sonja (Orc:2)
  3 salamander mystics
  3 skeletal warriors (D:14)
  7 sea snakes (Snake:2)
  A deep troll (shapeshifter) (D:15)
  3 unseen horrors
  5 naga ritualists
  A wizard (D:14)
  A lindwurm (Lair:6)
  7 orc knights
  A wolf spider zombie (D:15)
  An orb spider (shapeshifter) (D:13)
  2 necromancers (D:14)
  14 ugly things
  9 salamanders
  4 mana vipers
  4 manticores
  4 deep elf magi
  4 cyclopes
  8 elephants
  4 orc sorcerers
  A centaur zombie (D:15)
  14 naga magi
  29 black mambas
  A merfolk siren (Lair:2)
  Joseph (D:12)
  An eye of devastation (shapeshifter) (D:14)
  4 gargoyles
  4 torpor snails (Lair:6)
  3 guardian serpents
  4 spiny frogs
  A kobold demonologist (D:14)
  3 komodo dragons
  4 rime drakes
  3 merfolk (Lair:2)
  5 hornets
  A jumping spider (shapeshifter) (D:13)
  2 tyrant leeches (Lair:6)
  A polar bear (Lair:6)
  2 trolls
  A harpy skeleton (D:15)
  5 slime creatures (D:12)
  20 blink frogs
  8 hippogriffs
  2 vampires (D:15)
  46 yaks
  3 wraiths (Orc:2)
  A yak (shapeshifter) (D:13)
  A shadow (D:13)
  A human (shapeshifter) (D:14)
  5 wyverns
  18 humans (D:14)
  4 hungry ghosts
  Grum (D:8)
  A steam dragon (Lair:6)
  3 basilisks
  2 vampire mosquitoes (D:12)
  23 nagas
  11 wargs
  An acid dragon (D:12)
  10 porcupines
  7 water moccasins
  Purgy (Sewer)
  20 orc warriors
  2 swamp drakes (Lair:6)
  A black bear (D:9)
  4 ice beasts
  6 sky beasts
  An ogre (shapeshifter) (D:15)
  7 wolves
  7 ogres
  2 necrophages
  6 centaurs
  A big kobold (D:12)
  12 crocodiles
  15 bullfrogs
  2 wyvern skeletons (D:14)
  A scorpion (D:6)
  9 killer bees
  7 wights
  5 electric eels
  4 crimson imps
  A quasit (D:10)
  3 hounds
  Crazy Yiuf (D:6)
  A bullfrog zombie (D:12)
  5 jellies
  2 bullfrog skeletons
  6 iguanas
  15 orc priests
  19 orc wizards
  9 worker ants
  Terence (D:2)
  2 hound zombies
  2 hound skeletons
  A worker ant zombie (D:5)
  2 howler monkey skeletons
  7 gnolls
  9 adders
  4 shadow imps
  3 oozes
  A worm (D:4)
  A dart slug (D:1)
  6 leopard geckos
  95 orcs
  3 ball pythons
  7 giant cockroaches
  7 goblins
  6 hobgoblins
  16 jackals
  17 kobolds
  4 quokkas
  5 bats
  4 frilled lizards
  2 jackal skeletons
  2 jackal zombies
  A leopard gecko skeleton (D:5)
  10 rats
  A butterfly (Lair:4)
  3 fungi
  3 plants
818 creatures vanquished.

Vanquished Creatures (collateral kills)
  Rupert (Lair:3)
  A nagaraja (Snake:4)
  Nessos (Lair:6)
  A vault guard (D:14)
  A naga warrior (Snake:4)
  5 hydras
  2 anacondas (Snake:3)
  The ghost of AnimeWaifu the Gouger, a journeyman FeWr of Nemelex Xobeh (Lair:6)
  5 death yaks (Lair:6)
  3 naga sharpshooters (Snake:4)
  2 sea snakes (Snake:2)
  A swamp dragon (Lair:6)
  A wizard (D:14)
  A naga ritualist (Snake:4)
  A lindwurm (Lair:6)
  A salamander (Snake:3)
  2 mana vipers (Snake:4)
  An ugly thing (D:14)
  3 black mambas
  2 elephants (Lair:6)
  4 naga magi
  2 torpor snails (Lair:6)
  Psyche (D:8)
  4 spiny frogs
  3 komodo dragons
  2 polar bears (Lair:4)
  A merfolk (D:15)
  A troll (D:11)
  6 hornets (Lair:6)
  A tyrant leech (Lair:6)
  8 blink frogs
  2 hippogriffs
  A wyvern (Lair:6)
  5 yaks (Lair:6)
  A human (D:14)
  A steam dragon (Lair:4)
  A basilisk (Lair:3)
  4 wargs (D:8)
  8 nagas
  3 water moccasins
  A porcupine (Lair:4)
  An orc warrior (D:14)
  2 swamp drakes (Lair:6)
  2 ice beasts
  A black bear (Lair:5)
  3 wolves
  A centaur (D:8)
  7 crocodiles
  A bullfrog (Lair:3)
  An electric eel (Snake:2)
  A hound (D:11)
  A quasit (D:13)
  A bullfrog skeleton (D:10)
  An iguana (D:11)
  A hound skeleton (D:11)
  A gnoll (D:9)
  An adder (D:9)
  An ooze (D:6)
  A worm (D:2)
  A leopard gecko (D:1)
  6 orcs
  2 bats (Orc:1)
  A goblin (D:1)
  2 jackals (D:1)
  4 fungi
  10 plants
150 creatures vanquished.

Vanquished Creatures (others)
  A black mamba (Snake:3)
  A rime drake (Lair:6)
  A blink frog (Lair:5)
  10 fungi
  27 plants
40 creatures vanquished.

Grand Total: 1008 creatures vanquished

Notes
Turn   | Place    | Note
-------+----------+-------------------------------------------
     0 | D:1      | Kriby the Deep Dwarf Necromancer began the quest for the Orb.
     0 | D:1      | Reached XP level 1. HP: 15/15 MP: 3/3
     2 | D:1      | Learned a level 1 spell: Animate Skeleton
   208 | D:1      | Reached XP level 2. HP: 19/22 MP: 0/5
   792 | D:1      | Reached XP level 3. HP: 15/28 MP: 2/6
  1413 | D:2      | Learned a level 3 spell: Vampiric Draining
  1452 | D:2      | Noticed Terence
  1454 | D:2      | Reached XP level 4. HP: 14/36 MP: 0/7
  1854 | D:2      | Killed Terence
  1854 | D:2      | Reached skill level 5 in Necromancy
  2754 | D:3      | Found a snail-covered altar of Cheibriados.
  2956 | D:4      | Reached XP level 5. HP: 12/42 MP: 7/9
  3468 | D:4      | Reached XP level 6. HP: 14/49 MP: 1/10
  4010 | D:4      | Found Nizer's Magic Scroll Boutique.
  4013 | D:4      | Bought a scroll of summoning for 123 gold pieces
  4154 | D:5      | Entered Level 5 of the Dungeon
  4358 | D:5      | Found a glowing drain.
  4364 | D:5      | Reached skill level 1 in Armour
  4376 | Sewer    | Entered a sewer
  4581 | Sewer    | Noticed Purgy
  4607 | Sewer    | Killed Purgy
  4607 | Sewer    | Reached skill level 1 in Fighting
  4607 | Sewer    | Reached skill level 5 in Stealth
  4607 | Sewer    | Reached XP level 7. HP: 47/57 MP: 3/12
  4810 | D:5      | Found a staircase to the Ecumenical Temple.
  4859 | Temple   | Entered the Ecumenical Temple
  4941 | Temple   | Became a worshipper of Makhleb the Destroyer
  5989 | D:5      | Reached * piety under Makhleb
  6070 | D:5      | Found a bloodstained altar of Trog.
  6098 | D:6      | Found a radiant altar of Vehumet.
  6208 | D:6      | Got a pair of bloodstained gloves
  6209 | D:6      | Identified the +0 pair of gloves of Okawaru's Hatred {MP+9 Int+8} (You found it on level 6 of the Dungeon)
  6283 | D:6      | Learned a level 4 spell: Animate Dead
  6368 | D:6      | Found a blossoming altar of Fedhas.
  6533 | D:6      | Reached skill level 5 in Dodging
  6533 | D:6      | Reached XP level 8. HP: 67/67 MP: 7/13
  7423 | D:6      | Found a runed door.
  7541 | D:6      | Noticed Crazy Yiuf
  7757 | D:6      | Killed Crazy Yiuf
  7757 | D:6      | Reached skill level 1 in Invocations
  8448 | D:7      | Gained mutation: You passively map the area around you. [Deep Dwarf growth]
  8448 | D:7      | Reached XP level 9. HP: 73/74 MP: 15/15
  9305 | D:8      | Reached skill level 5 in Spellcasting
  9397 | D:8      | Noticed Grum
  9524 | D:7      | Reached skill level 5 in Armour
  9651 | D:8      | Killed Grum
  9695 | D:8      | Reached ** piety under Makhleb
  9763 | D:8      | Noticed an orc sorcerer
  9781 | D:8      | Noticed an orange demon
  9786 | D:8      | Killed an orc sorcerer
  9786 | D:8      | Reached skill level 5 in Invocations
  9951 | D:8      | Reached XP level 10. HP: 55/87 MP: 12/16
 10179 | D:8      | Noticed Psyche
 10194 | D:8      | Killed Psyche
 10409 | D:8      | Reached skill level 5 in Fighting
 10839 | D:8      | Reached skill level 1 in Axes
 10942 | D:8      | Reached *** piety under Makhleb
 11105 | D:8      | Reached skill level 2 in Axes
 11559 | D:8      | Reached skill level 3 in Axes
 11607 | D:8      | Found Voampump's General Store.
 11615 | D:8      | Bought a scroll of enchant armour for 97 gold pieces
 11615 | D:8      | Bought a scroll of holy word for 97 gold pieces
 11615 | D:8      | Bought a potion of curing for 39 gold pieces
 11615 | D:8      | Bought a scroll of teleportation for 39 gold pieces
 12002 | D:9      | Found a staircase to the Orcish Mines.
 12282 | D:9      | Got a slimy chain mail
 12283 | D:9      | Identified the cursed +1 chain mail of Omission {Int+8 Stlth+} (You found it on level 9 of the Dungeon)
 12367 | D:9      | Noticed a two-headed ogre
 12604 | D:9      | Reached skill level 4 in Axes
 12684 | D:9      | Noticed Erolcha
 12695 | D:9      | Killed Erolcha
 12854 | D:9      | Noticed a two-headed ogre
 12867 | D:9      | Killed a two-headed ogre
 12867 | D:9      | Reached skill level 5 in Axes
 12867 | D:9      | Reached XP level 11. HP: 64/97 MP: 1/17
 13421 | D:9      | Killed a two-headed ogre
 13718 | D:10     | Entered Level 10 of the Dungeon
 13723 | D:10     | Noticed a deep elf mage
 13745 | D:10     | Killed a deep elf mage
 13745 | D:10     | Reached skill level 6 in Axes
 13950 | D:10     | Reached **** piety under Makhleb
 14912 | D:10     | Noticed a two-headed ogre
 14939 | D:10     | Killed a two-headed ogre
 14939 | D:10     | Reached skill level 1 in Shields
 15130 | D:10     | Reached skill level 7 in Axes
 15635 | D:11     | Noticed a two-headed ogre
 15644 | D:11     | Killed a two-headed ogre
 15768 | D:11     | Noticed an unseen horror
 15797 | D:11     | Killed an unseen horror
 15983 | D:11     | Found a staircase to the Lair.
 15992 | D:11     | Reached skill level 8 in Axes
 16205 | D:11     | Found the +3 pair of gauntlets of War {Slay+5}
 16227 | D:11     | Reached ***** piety under Makhleb
 16600 | D:11     | Reached XP level 12. HP: 109/109 MP: 2/18
 17005 | Lair:1   | Entered Level 1 of the Lair of Beasts
 17176 | D:10     | Identified the cursed +0 trident of Ethik {antimagic, Str+2} (You found it on level 10 of the Dungeon)
 17621 | Lair:1   | Reached skill level 9 in Axes
 18207 | Lair:2   | Reached skill level 10 in Dodging
 18373 | Lair:2   | Noticed a four-headed hydra
 18383 | Lair:2   | Killed a four-headed hydra
 18495 | Lair:2   | Found a staircase to the Shoals.
 18581 | Lair:2   | Reached skill level 10 in Axes
 19382 | Lair:3   | Noticed Rupert
 19398 | Lair:3   | Killed Rupert
 19505 | Lair:3   | Got a coiled jade amulet
 19507 | Lair:3   | Identified the amulet of the Scarab {RegenMP rPois rC++ rN+} (You found it on level 3 of the Lair of Beasts)
 19513 | Lair:3   | Got a fine robe
 19514 | Lair:3   | Identified the +1 robe of Democracy {Int+4 Slay+3} (You found it on level 3 of the Lair of Beasts)
 19537 | Lair:3   | Reached skill level 10 in Armour
 19539 | Lair:3   | Reached skill level 11 in Axes
 19539 | Lair:3   | Reached XP level 13. HP: 70/118 MP: 19/19
 19589 | Lair:3   | Noticed Harold
 19597 | Lair:3   | Killed Harold
 20616 | Lair:4   | Identified the +5 dagger of the Invisible Ghosts {pierce, Int+3 Stlth+} (You found it on level 4 of the Lair of Beasts)
 20683 | Lair:4   | Found a staircase to the Snake Pit.
 20772 | Lair:4   | Reached skill level 12 in Axes
 20859 | Lair:4   | Reached ****** piety under Makhleb
 22054 | Lair:6   | Entered Level 6 of the Lair of Beasts
 22268 | Lair:6   | Reached skill level 13 in Axes
 22268 | Lair:6   | Gained mutation: You resist negative energy. (rN+) [Deep Dwarf growth]
 22268 | Lair:6   | Reached XP level 14. HP: 129/129 MP: 20/20
 22310 | Lair:6   | Identified a scroll of acquirement
 22533 | Lair:6   | Noticed AnimeWaifu's ghost (journeyman FeWr)
 22563 | Lair:6   | Killed AnimeWaifu's ghost
 22800 | Lair:6   | Noticed Nessos
 22826 | Lair:6   | Killed Nessos
 22903 | Lair:6   | Reached skill level 10 in Fighting
 23502 | Lair:6   | Found a runed door.
 23518 | Lair:6   | Reached skill level 14 in Axes
 23824 | Lair:6   | Found a staircase to the Slime Pits.
 24373 | D:12     | Got a wavering pewter amulet
 24379 | D:12     | Identified the amulet of Nouhaeh {Faith Dex+4} (You found it on level 12 of the Dungeon)
 24395 | D:12     | Noticed Erica
 24401 | D:12     | Noticed Joseph
 24410 | D:12     | Killed Erica
 24433 | D:12     | Killed Joseph
 24669 | D:12     | Found Ustrez's Book Boutique.
 25961 | D:14     | Reached XP level 15. HP: 140/140 MP: 21/21
 26052 | D:14     | Reached skill level 15 in Axes
 26514 | D:14     | Found a gate to the Vaults.
 26863 | D:15     | Entered Level 15 of the Dungeon
 27617 | D:15     | HP: 6/141 [dire elephant (18)]
 27678 | D:15     | Found a staircase to the Depths.
 28093 | Orc:1    | Entered Level 1 of the Orcish Mines
 28498 | Orc:1    | Found Uzxeusih's Food Boutique.
 28858 | Orc:2    | Entered Level 2 of the Orcish Mines
 29002 | Orc:2    | Found a staircase to the Elven Halls.
 29036 | Orc:2    | Noticed Sonja
 29047 | Orc:2    | Killed Sonja
 29065 | Orc:2    | Noticed Josephine
 29076 | Orc:2    | Killed Josephine
 29085 | Orc:2    | Reached skill level 16 in Axes
 29276 | Orc:2    | Noticed Donald
 29294 | Orc:2    | Killed Donald
 29979 | Orc:2    | Found Bouhy's Food Boutique.
 29979 | Orc:2    | Found Ytimp's Armour Shoppe.
 29981 | Orc:2    | Found Moghetust's Magic Scroll Boutique.
 29981 | Orc:2    | Found Hicinyni's Assorted Antiques.
 29989 | Orc:2    | Bought a scroll of acquirement for 832 gold pieces
 29990 | Orc:2    | Bought a scroll labeled LAREOH WASI for 38 gold pieces
 29990 | Orc:2    | Bought a potion of heal wounds for 190 gold pieces
 29990 | Orc:2    | Bought a potion of agility for 152 gold pieces
 29990 | Orc:2    | Bought a scroll of enchant armour for 285 gold pieces
 30170 | Snake:1  | Entered Level 1 of the Snake Pit
 31297 | Snake:1  | Reached XP level 16. HP: 152/152 MP: 22/22
 32063 | Snake:2  | Reached skill level 5 in Shields
 32235 | Snake:2  | Noticed Vashnia
 32332 | Snake:2  | Killed Vashnia
 33125 | Snake:3  | Noticed Aizul
 33148 | Snake:3  | Killed Aizul
 33211 | Snake:3  | Noticed Mara
 33218 | Snake:3  | Noticed Kriby's illusion
 33418 | Snake:3  | Noticed Kriby's illusion
 33450 | Snake:3  | Killed Mara
 33657 | Snake:3  | Reached skill level 15 in Dodging
 33657 | Snake:3  | Reached XP level 17. HP: 139/162 MP: 23/23
 33990 | Snake:4  | Entered Level 4 of the Snake Pit
 34281 | Snake:4  | Got a sparkling platinum ring
 34282 | Snake:4  | Identified the ring of Cheibriados's Reproof {+Blink rN+ MP+9 Str+9 Dex-3} (You found it on level 4 of the Snake Pit)
 34414 | Snake:4  | Reached skill level 17 in Axes
 34493 | Snake:4  | Shot with a bolt by a naga sharpshooter

Vault maps used:
D:1:      mrwooster_arrival_statue_2
D:2:      uniq_terence
D:3:      cheibriados_altar_1
D:4:      serial_shops, shop
D:5:      wad_lake_hut, first_ration, portal_sewer_entry_f, trog_book
D:6:      basic_altar, st_stairs_10, palyth_stone_intersect, fedhas_altar_2,
          uniq_crazy_yiuf_cottage
D:8:      lemuel_castle_with_subvaults, serial_shops, kennysheep_little_box,
          uniq_grum, uniq_psyche
D:9:      orc_0_dummy, uniq_erolcha
D:11:     minmay_lair_entry_grove, hangedman_pestilent_swarm
D:12:     serial_shops, kennysheep_mini_moat, sword_in_stone
D:13:     water_boxes_lemuel
D:14:     grunt_vaults_entry_tiered, grunt_decor_one_mirror
D:15:     hangedman_depths_entry_try_elsewhere_first,
          hangedman_decor_clover_reticule
Temple:   dpeg_three_leaves_temple
Lair:1:   lemuel_fruit_tree, minmay_lair_oklob_chamber
Lair:2:   elwin_shoals_entry_stream, grunt_megastairs_3, serial_bayou_shore_a
Lair:3:   grunt_megastairs_1, uniq_rupert, uniq_harold
Lair:4:   minmay_snake_entry_guardpost_medium, guppyfry_lair_drakes,
          lemuel_fruit_fields, infiniplex_staircase_pool
Lair:5:   minmay_lair_drake_nest
Lair:6:   wormcave, guppyfry_lair_end_dragon, minmay_slime_entry_oklob_enclosed,
          uniq_nessos
Snake:2:  uniq_vashnia
Snake:3:  hangedman_snake_pattern, basic_stair_grate_trap, uniq_mara, uniq_aizul
Snake:4:  snake_pit, statue_in_the_mist_lemuel
Orc:1:    serial_shops, shop, mines_bat_river
Orc:2:    grunt_orc_tribal_feast, uniq_sonja, uniq_donald, uniq_josephine
Sewer:    sewer_the_crocodile

Skill      XL: |  1  2  3  4  5  6  7  8  9 10 11 12 13 14 15 16 17 |
---------------+----------------------------------------------------+-----
Spellcasting   | 2 3 4 5 |  5.7
Stealth        | 3 4 5 6 |  6.3
Dodging        | 3 4 5 7 8 9 10 11 12 14 15 | 15.3
Necromancy     | 5 6 7 8 |  8.5
Armour         | 1 2 4 5 7 8 10 11 12 13 14 | 14.9
Fighting       | 1 2 3 4 6 7 8 9 10 11 12 | 12.9
Invocations    | 2 5 |  5.0
Axes           | 5 8 11 13 14 16 17 | 17.1
Shields        | 3 4 7 8 |  8.3

Action                   |  1- 3 |  4- 6 |  7- 9 | 10-12 | 13-15 | 16-18 || total
-------------------------+-------+-------+-------+-------+-------+-------++-------
Melee: Unarmed           |    28 |       |       |       |       |       ||    28
       Dagger            |    24 |    89 |   272 |    37 |     9 |       ||   431
       Battleaxe         |       |       |       |   159 |       |       ||   159
       War axe           |       |       |       |   526 |  1070 |   596 ||  2192
 Fire: Shortbow          |       |       |     2 |       |       |       ||     2
 Cast: Pain              |    50 |    36 |    81 |   133 |    94 |       ||   394
       Animate Skeleton  |    15 |    15 |    19 |    48 |    88 |    33 ||   218
       Vampiric Draining |     1 |    22 |    87 |   183 |   250 |    58 ||   601
       Animate Dead      |       |       |       |       |    17 |     7 ||    24
Invok: Lesser Servant of |       |       |       |     2 |       |     1 ||     3
 Abil: Heal Wounds       |       |       |     2 |       |       |       ||     2
Evoke: Wand              |       |       |       |    19 |    17 |     7 ||    43
       Lamp of fire      |       |       |       |     1 |     2 |     3 ||     6
       Box of beasts     |       |       |       |       |     1 |       ||     1
       Sack of spiders   |       |       |       |       |     4 |     1 ||     5
  Use: Scroll            |       |     8 |     2 |    10 |    18 |     5 ||    43
       Potion            |       |     1 |     4 |     5 |    11 |    12 ||    33
 Stab: Sleeping          |     1 |       |     1 |     3 |     8 |     5 ||    18
       Distracted        |       |       |       |     4 |    12 |     6 ||    22
       Invisible         |       |       |       |     1 |       |       ||     1
       Paralysed         |       |       |       |       |     4 |       ||     4
  Eat: Chunk             |     3 |    10 |    21 |    31 |    42 |     6 ||   113
       Ration            |       |     1 |     1 |    12 |     2 |     2 ||    18
Armor: Robe              |    15 |     1 |       |       |       |       ||    16
       Scale mail        |       |    48 |   180 |   122 |       |       ||   350
       Ring mail         |       |     3 |       |       |       |       ||     3
       Chain mail        |       |       |       |   417 |   292 |       ||   709
       Swamp dragon scal |       |       |       |       |   291 |   131 ||   422
       Skin              |       |       |       |       |     9 |       ||     9
Dodge: Dodged            |    48 |    46 |   225 |   624 |   833 |   314 ||  2090
       Deflected         |       |       |       |       |     2 |    50 ||    52
Block: Buckler           |       |       |       |    99 |   224 |       ||   323
       Shield            |       |       |       |       |   212 |   322 ||   534
       Reflection        |       |       |       |       |       |    32 ||    32

Table legend:
 A = Spawn XP
 B = Non-spawn XP
 C = Spawn XP percentage of total XP
 D = Spawn monster count
 E = Non-spawn monster count
 F = Spawn count percentage of total count
 G = Total turns spent on level
                    A         B        C        D         E        F      G
               +---------+---------+-------+---------+---------+-------+---------
         Total |       0 |  247257 |   0.0 |       0 |     949 |   0.0 | 34493
               +---------+---------+-------+---------+---------+-------+---------
           D:1 |       0 |      71 |   0.0 |       0 |      36 |   0.0 |  1314
           D:2 |       0 |      84 |   0.0 |       0 |      25 |   0.0 |   835
           D:3 |       0 |      26 |   0.0 |       0 |      12 |   0.0 |   782
           D:4 |       0 |     297 |   0.0 |       0 |      15 |   0.0 |  1286
           D:5 |       0 |     602 |   0.0 |       0 |      31 |   0.0 |  1531
           D:6 |       0 |     835 |   0.0 |       0 |      14 |   0.0 |  1782
           D:7 |       0 |    1976 |   0.0 |       0 |      29 |   0.0 |  1837
           D:8 |       0 |    4620 |   0.0 |       0 |      76 |   0.0 |  2155
           D:9 |       0 |    4410 |   0.0 |       0 |      34 |   0.0 |  1797
          D:10 |       0 |    3327 |   0.0 |       0 |      32 |   0.0 |  2133
          D:11 |       0 |    6521 |   0.0 |       0 |      38 |   0.0 |  1539
          D:12 |       0 |    7892 |   0.0 |       0 |      30 |   0.0 |   843
          D:13 |       0 |    5757 |   0.0 |       0 |      30 |   0.0 |   916
          D:14 |       0 |   20484 |   0.0 |       0 |      56 |   0.0 |  1144
          D:15 |       0 |   10718 |   0.0 |       0 |      25 |   0.0 |   938
        Lair:1 |       0 |    3168 |   0.0 |       0 |      17 |   0.0 |  1071
        Lair:2 |       0 |    8558 |   0.0 |       0 |      30 |   0.0 |  1277
        Lair:3 |       0 |   10315 |   0.0 |       0 |      36 |   0.0 |   875
        Lair:4 |       0 |    7043 |   0.0 |       0 |      32 |   0.0 |  1103
        Lair:5 |       0 |    4431 |   0.0 |       0 |      15 |   0.0 |   816
        Lair:6 |       0 |   31100 |   0.0 |       0 |      97 |   0.0 |  2061
       Snake:1 |       0 |    9912 |   0.0 |       0 |      19 |   0.0 |  1189
       Snake:2 |       0 |   27631 |   0.0 |       0 |      40 |   0.0 |  1109
       Snake:3 |       0 |   38923 |   0.0 |       0 |      52 |   0.0 |  1223
       Snake:4 |       0 |   23158 |   0.0 |       0 |      51 |   0.0 |   395
         Orc:1 |       0 |    2571 |   0.0 |       0 |      24 |   0.0 |   782
         Orc:2 |       0 |   12689 |   0.0 |       0 |      47 |   0.0 |  1305
         Sewer |       0 |     138 |   0.0 |       0 |       6 |   0.0 |   366
               +---------+---------+-------+---------+---------+-------+---------
